 Dungeon Crawl Stone Soup version 0.30.1 (webtiles) character file.

Game seed: 15340552144922146230

58 javelincjr the Sneak (level 3, -2/29 HPs)
             Began as a Demonspawn Delver on July 3, 2023.
             Slain by a hound (3 damage)
             ... on level 5 of the Dungeon.
             The game lasted 00:00:17 (22 turns).

javelincjr the Sneak (Demonspawn Delver)              Turns: 22, Time: 00:00:18

Health: -2/29      AC:  3    Str: 12    XL:     3   Next: 75%
Magic:  3/3        EV: 12    Int: 13    God:
Gold:   0          SH:  0    Dex: 14    Spells: 2/2 levels left

rFire   . . .        a - +0 spear
rCold   . . .        (no shield)
rNeg    . . .        b - +0 leather armour
rPois   .            (no helmet)
rElec   .            (no cloak)
rCorr   .            (no gloves)
SInv    .            (no boots)
Will    .....        (no amulet)
Stlth   +++          (no ring)
HPRegen 0.24/turn    (no ring)
MPRegen 0.08/turn

%: no passive effects
@: no status effects
A: claws 1
a: no special abilities


You were on level 5 of the Dungeon.
You visited 1 branch of the dungeon, and saw 1 of its levels.

Inventory:

Hand Weapons
 a - a +0 spear (weapon)
Armour
 b - a +0 leather armour (worn)
Wands
 g - a wand of digging (3)
Scrolls
 c - a scroll of fog
 d - a scroll of magic mapping
 e - a scroll of fear
Potions
 f - a potion of haste


   Skills:
 + Level 3.4 Fighting
 + Level 2.4 Polearms
 + Level 2.3 Dodging
 + Level 4.9 Stealth


You had 2 spell levels left.
You didn't know any spells.
Your spell library was empty.

Dungeon Overview and Level Annotations

Branches:
Dungeon (5/15)
 Temple: D:4-7

Altars:


Innate Abilities, Weirdness & Mutations

You have sharp fingernails.


Message History

The scorpion is severely wounded.
You feel sick. The scorpion stings you.
* * * LOW HITPOINT WARNING * * *
You are too injured to fight recklessly!
You are too injured to fight recklessly!
You are too injured to fight recklessly!
You are too injured to fight recklessly!
You are too injured to fight recklessly!
You barely miss the scorpion.
The scorpion is severely wounded.
* * * LOW HITPOINT WARNING * * *
You feel sick. The scorpion closely misses you.
You hit the scorpion.
The scorpion is almost dead.
* * * LOW HITPOINT WARNING * * *
You feel sick. The scorpion barely misses you.
You hit the scorpion but do no damage. You punch the scorpion.
You kill the scorpion!
* * * LOW HITPOINT WARNING * * *
You feel sick. The hound barely misses you.
Your Polearms skill increases to level 2!
Your Dodging skill increases to level 2!
You have reached level 2!
Your demonic ancestry asserts itself...
Your fingernails lengthen.
You have reached level 3!
Your experience leads to an increase in your attributes!
Increase (S)trength, (I)ntelligence, or (D)exterity?
You feel clever. x2
You hit the hound.
The hound is heavily wounded.
* * * LOW HITPOINT WARNING * * *
You feel sick. The hound bites you but does no damage.
You hit the hound.
The hound is severely wounded.
* * * LOW HITPOINT WARNING * * *
You feel sick.
You are no longer poisoned.
The hound bites you.
You die...

.........!.....
..............#
..........<...
#...?........
#...........#
#..........#
####..........#
##.#.#.#h#.....#
#.......@..#####
##.......###
#.........#
##...>...##
#..........#
...#.......##
.............
...#.#.#.#.#...
.....##$.......


You could see a hound.

Vanquished Creatures
  A scorpion (D:5)
1 creature vanquished.

Notes
Turn   | Place    | Note
-------+----------+-------------------------------------------
     0 | D:5      | javelincjr the Demonspawn Delver began the quest for the
                  | Orb.
     0 | D:5      | Reached XP level 1. HP: 18/18 MP: 1/1
     2 | D:5      | Noticed a hound
     3 | D:5      | Noticed a scorpion
    20 | D:5      | Killed a scorpion
    21 | D:5      | Gained mutation: You have sharp fingernails. [demonic
                  | ancestry]
    21 | D:5      | Reached XP level 2. HP: 2/24 MP: 2/2
    21 | D:5      | Reached XP level 3. HP: 2/29 MP: 3/3
    22 | D:5      | HP: 1/29 [poisoned by a scorpion]
    22 | D:5      | Slain by a hound

Illustrated notes

Levels and vault maps discovered:
D:5:      layout_cave_pods, mainiacjoe_overflow_tiny_flanked, st_stairs_4

Skill      XL: |  1 |
---------------+----+-----
Polearms       | 2 |  2.4
Dodging        | 2 |  2.3
Fighting       | |  3.4
Stealth        | |  4.9

Action                     || total
---------------------------++-------
  Melee: Spear             ||    16
         Punch             ||     1
 Armour: Leather armour    ||     4
  Dodge: Dodged            ||    14
